Map: King Sejong Station LE

Players

nusita

  • Race: Terran Terran
  • League: Silver

Gracz - Winner!

  • Race: Zerg Zerg
  • League: Silver

VOD

Have the link to the VOD?

Description

Time

  • Played on: Sept. 25, 2016, 1:46 p.m.
  • Length: 5:17
Show
View Real Time Build Order
Export as new Build Order

nusita Terran 

Build Orders:  

Get SALT Encoding   

  12  0:02  SCV  
  13  0:16  Supply Depot  
  13  0:19  SCV  
  14  0:31  SCV  
  15  0:38  Barracks  
  15  0:43  SCV  
  15  0:48  Refinery  
  16  0:56  SCV  
  17  1:08  SCV  
  18  1:20  SCV  
  19  1:28  Barracks  
  19  1:33  Supply Depot  
  19  1:47  Bunker  
  19  1:49  Orbital Command  
  19  1:51  Marine  
  20  2:02  Factory  
  20  2:20  Reaper  
  21  2:29  Reaper  
  22  2:35  Refinery  
  21  2:52  Marine  
  22  3:01  Marine  
  22  3:09  Marine  
  22  3:11  Factory Tech Lab  
  23  3:24  Marine  
  24  3:27  Marine  
  24  3:36  Siege Tank  
  27  3:41  Marine  
  27  3:45  Marine  
  24  4:19  Marine  
  23  4:29  Marine  
  23  4:37  Marine  
  23  4:47  Marine  
  23  4:48  Barracks  
  20  4:53  Barracks  
  20  4:54  Barracks  
Show
View Real Time Build Order
Export as new Build Order

Gracz Zerg - Winner!

Build Orders: Hatch First 

Get SALT Encoding   

  12  0:18  Drone  
  12  0:19  Drone  
  14  0:48  Hatchery  
  13  0:54  Spawning Pool  
  12  0:58  Drone  
  13  1:14  Drone  
  13  1:16  Overlord  
  14  1:36  Extractor  
  14  1:38  Drone  
  14  1:39  Drone  
  15  1:46  Zergling x2  
  16  2:01  Zergling x4  
  18  2:02  Queen  
  18  2:05  Zergling x2  
  21  2:28  Drone  
  21  2:29  Drone  
  22  2:49  Zergling x2  
  22  2:50  Zergling x4  
  25  3:01  Spine Crawler  
  23  3:24  Zergling x4  
  23  3:25  Zergling x2  
  24  3:45  Queen  
  18  4:18  Zergling x4  
  18  4:19  Zergling x2  
  18  4:47  Zergling x4  
  20  5:03  Drone  
Tags
 
Add a new tag
Caveats
  • Supply blocks, unpowered buildings, or Contaminate may cause inaccurate times.
  • Supply counts are checked every 10 seconds.